 Dungeon Crawl Stone Soup version 0.27.0-66-gdc8fb28755 (webtiles) character file.

Game seed: 3663994473167007998

707 Goblin1989 the Slicer (level 8, -5/48 HPs)
             Began as a Kobold Berserker on Aug 6, 2021.
             Was a Believer of Trog.
             Slain by a hornet zombie (9 damage)
             ... on level 5 of the Dungeon on Aug 20, 2021.
             The game lasted 00:11:41 (4301 turns).

Goblin1989 the Slicer (Kobold Berserker)            Turns: 4301, Time: 00:11:41

Health: -5/48      AC:  7    Str: 15    XL:     8   Next: 0%
Magic:  8/8        EV: 14    Int:  8    God:    Trog [**....]
Gold:   66         SH:  0    Dex: 16    Spells: 7/7 levels left

rFire    + . .     SeeInvis .   v - +2 short sword (drain)
rCold    . . .     Faith    .   (shield restricted)
rNeg     . . .     Spirit   .   V - +0 ring mail {rF+}
rPois    +         Reflect  .   O - +0 helmet
rElec    .         Harm     .   c - +0 cloak
rCorr    .         Rampage  .   (no gloves)
Will     ++...                  (no boots)
Stlth    ++++......             (no amulet)
HPRegen  1.16/turn              o - ring of poison resistance
MPRegen  0.11/turn              (no ring)

@: strong-willed, on berserk cooldown, regenerating, slowed, very slow
A: small, no large weapons, nightstalker 3
a: Renounce Religion, Berserk, Trog's Hand


You were on level 5 of the Dungeon.
You worshipped Trog.
Trog was pleased with you.
You visited 1 branch of the dungeon, and saw 5 of its levels.
You also visited: Sewer.

You collected 208 gold pieces.
You spent 142 gold pieces at shops.

Inventory:

Hand Weapons
 h - a +2 dagger of venom
 v - a +2 short sword of draining (weapon)
Missiles
 d - 191 stones (quivered) {@Q3}
 w - a curare-tipped dart
 P - 3 boomerangs
Armour
 c - a +0 cloak (worn)
 g - a +1 scale mail
 O - a +0 helmet (worn)
 V - a +0 ring mail of fire resistance (worn)
 X - the +2 leather armour "Asynkih" {rN+ Str+2 Int+3 Dex+4}
   (You bought it in a shop on level 4 of the Dungeon)

   Str:       It affects your strength (+2).
   Int:       It affects your intelligence (+3).
   Dex:       It affects your dexterity (+4).
   rN:        It protects you from negative energy.
Jewellery
 o - a ring of poison resistance (left hand)
 q - a ring of fire
Wands
 U - a wand of iceblast (10) {@v4}
Scrolls
 Q - 4 scrolls of immolation {unknown}
 R - a scroll of identify {@r1}
 T - 3 scrolls of teleportation {!r, @r2}
 Y - a scroll of fear
 Z - a scroll of magic mapping {unknown}
Potions
 f - a potion of invisibility
 j - 2 potions of haste
 s - 3 potions of curing {@q1}
 t - 3 potions of mutation {unknown}
 u - a potion of heal wounds {@q2}
 x - 3 potions of flight
 S - 2 potions of magic {unknown}
 W - 2 potions of lignification {unknown}


   Skills:
 + Level 3.8 Fighting
 * Level 9.1 Short Blades
 + Level 2.1 Armour
 + Level 3.3 Dodging
 + Level 5.8 Stealth


You had 7 spell levels left.
You didn't know any spells.
Your spell library was empty.

Dungeon Overview and Level Annotations

Branches:
Dungeon (5/15)             Temple (0/1) D:4           Sewer (visited)

Altars:
Cheibriados

Shops:
D:4 *


Innate Abilities, Weirdness & Mutations

You are small and have problems with some larger weapons.
You are completely attuned to the shadows.


Message History

The hornet zombie is moderately damaged.
The hornet zombie hits you but does no damage.
The water moccasin bites you.
You take 4 damage, and have 23/41 hp.
You are too injured to fight recklessly!
You are too injured to fight recklessly!
You are too injured to fight recklessly!
You are too injured to fight recklessly!
You are too injured to fight recklessly!
You are too injured to fight recklessly!
You are too injured to fight recklessly!
You are too injured to fight recklessly!
You are too injured to fight recklessly!
You are too injured to fight recklessly!
You are too injured to fight recklessly!
There are monsters nearby!
Unknown command.
You see here a metallic blue potion.
The water moccasin closely misses you. The hornet zombie hits you!
* * * LOW HITPOINT WARNING * * *
You take 8 damage, and have 15/41 hp.
The water moccasin misses you.
The water moccasin bites you but does no damage.
A red film seems to cover your vision as you go berserk!
You feel yourself moving faster!
You feel mighty! The water moccasin closely misses you.
You now have 25/61 hp.
You puncture the water moccasin! You drain the water moccasin.
The water moccasin is severely wounded.
The water moccasin barely misses you.
You puncture the water moccasin!
You kill the water moccasin!
Trog accepts your kill.
Your Short Blades skill increases to level 9!
Your Armour skill increases to level 2!
Unknown command.
The water moccasin skeleton closely misses you.
You puncture the water moccasin skeleton!
The water moccasin skeleton is moderately damaged.
You puncture the water moccasin skeleton!
The water moccasin skeleton is severely damaged.
The water moccasin skeleton bites you but does no damage.
You closely miss the water moccasin skeleton.
The water moccasin skeleton is severely damaged.
You hit the water moccasin skeleton.
The water moccasin skeleton is almost destroyed.
The water moccasin skeleton completely misses you.
You puncture the water moccasin skeleton!
You destroy the water moccasin skeleton!
Trog accepts your kill.
You have reached level 8!
You regained 4 hp, and now have 30/72 hp.
MP restored: 8 Unknown command.
Unknown command.
The hornet zombie closely misses you.
You hit the hornet zombie.
The hornet zombie is moderately damaged.
You hit the hornet zombie.
The hornet zombie is moderately damaged.
The hornet zombie hits you but does no damage.
You closely miss the hornet zombie.
The hornet zombie is moderately damaged.
The hornet zombie closely misses you.
You hit the hornet zombie.
The hornet zombie is heavily damaged.
You barely miss the hornet zombie.
The hornet zombie is heavily damaged.
The hornet zombie hits you.
* * * LOW HITPOINT WARNING * * *
You take 1 damage, and have 30/72 hp.
You puncture the hornet zombie!
The hornet zombie is severely damaged.
You are no longer berserk.
You are exhausted.
You feel yourself slow down.
You now have 20/48 hp.
You hit the hornet zombie.
The hornet zombie is severely damaged.
The hornet zombie hits you!
* * * LOW HITPOINT WARNING * * *
You take 10 damage, and have 10/48 hp.
MASSIVE DAMAGE!!
You barely miss the hornet zombie.
The hornet zombie is severely damaged.
The hornet zombie barely misses you. The hornet zombie closely misses you.
You hit the hornet zombie but do no damage.
The hornet zombie is severely damaged.
The hornet zombie hits you!
* * * LOW HITPOINT WARNING * * *
You take 8 damage, and have 2/48 hp.
Your ring mail prevents you from hitting the hornet zombie.
The hornet zombie is severely damaged.
The hornet zombie closely misses you.
You puncture the hornet zombie!
The hornet zombie is almost destroyed.
The hornet zombie barely misses you.
Your skin crawls.
You feel strong-willed. The hornet zombie closely misses you.
The hornet zombie hits you!
You die...

█.█ █..█
█.████
█..█
......
█..█
█.████
██!.█ █.█
█..)█ █.█
█..██
█.███.
█..██
......
█..Z█
......
█.█@█
..███.
█.█.█ ..█
█.█.█ ...
.█ █.█[█
... █.█.█
.█.███.█.█
.........█
█..█
██.█.█████
███..████
█.█


You could see a hornet zombie.

Vanquished Creatures
  A water moccasin (D:5)
  An ice beast (D:5)
  An ogre (D:4)
  A kobold brigand (Sewer)
  A water moccasin skeleton (D:5)
  A hound (D:4)
  2 iguanas (D:4)
  An orc wizard (D:4)
  3 river rats
  4 adders
  2 white imps (D:5)
  A worm (D:2)
  3 dart slugs
  9 orcs
  5 ball pythons
  2 bats
  7 endoplasms
  2 giant cockroaches (D:1)
  5 hobgoblins
  15 jackals
  3 quokkas
  8 frilled lizards
  6 goblins
  15 kobolds
  6 rats
105 creatures vanquished.

Vanquished Creatures (others)
  2 plants (D:4)
2 creatures vanquished.

Grand Total: 107 creatures vanquished

Notes
Turn   | Place    | Note
-------+----------+-------------------------------------------
     0 | D:1      | Goblin1989 the Kobold Berserker began the quest for the
                  | Orb.
     0 | D:1      | Reached XP level 1. HP: 14/14 MP: 1/1
    89 | D:1      | Reached XP level 2. HP: 19/19 MP: 2/2
    99 | D:1      | Upgraded the game from 0.27.0-1-g7a089689b8 to
                  | 0.27.0-66-gdc8fb28755
   476 | D:1      | Reached skill level 1 in Stealth
   646 | D:1      | Reached XP level 3. HP: 23/23 MP: 3/3
   652 | D:1      | Reached skill level 5 in Short Blades
  1020 | D:2      | Reached XP level 4. HP: 28/28 MP: 4/4
  1312 | D:2      | Found a faded altar of an unknown god.
  1859 | D:3      | Reached skill level 6 in Short Blades
  1944 | D:3      | Reached ** piety under Trog
  2145 | D:3      | Reached XP level 5. HP: 32/32 MP: 5/5
  2549 | D:4      | Noticed an ogre
  2559 | D:4      | Killed an ogre
  2560 | D:4      | Reached skill level 7 in Short Blades
  2560 | D:4      | Reached XP level 6. HP: 4/37 MP: 6/6
  2573 | D:4      | Found a glowing drain.
  2579 | Sewer    | Entered a sewer
  2761 | Sewer    | Reached skill level 8 in Short Blades
  2850 | Sewer    | Reached XP level 7. HP: 32/41 MP: 7/7
  2937 | Sewer    | Found a white marble altar of Elyvilon.
  3122 | D:4      | Reached skill level 5 in Stealth
  3272 | D:4      | Found a staircase to the Ecumenical Temple.
  3465 | D:4      | Reached *** piety under Trog
  3481 | D:4      | Found Bofunad's Assorted Antiques.
  3486 | D:4      | Bought a distressingly furry leather armour for 126 gold
                  | pieces
  3486 | D:4      | Identified the +2 leather armour "Asynkih" {rN+ Str+2 Int+3
                  | Dex+4} (You bought it in a shop on level 4 of the Dungeon)
  3486 | D:4      | Bought a metallic blue potion for 16 gold pieces
  3808 | D:4      | Found a snail-covered altar of Cheibriados.
  3850 | D:5      | Entered Level 5 of the Dungeon
  4268 | D:5      | Noticed a water moccasin
  4282 | D:5      | Killed a water moccasin
  4283 | D:5      | Reached skill level 9 in Short Blades
  4289 | D:5      | Reached XP level 8. HP: 30/48 MP: 8/8
  4298 | D:5      | HP: 2/48 [hornet zombie (8)]
  4301 | D:5      | Slain by a hornet zombie

Illustrated notes

Levels and vault maps discovered:
D:1:      wander_arrival_estate, layout_basic, minmay_strange_pillars,
          chequers_serial_rivers_micro_c
D:2:      layout_basic, basic_ecumenical_altar
D:3:      layout_basic, hangedman_decor_points
D:4:      layout_cave_pools, mainiacjoe_overflow_concentric_impassable,
          minmay_temple_entry_antechambers, serial_shops, kennysheep_little_box,
          portal_sewer_entry_b, minmay_lizard_king
D:5:      layout_loops_ring, minmay_between

Skill      XL: |  1  2  3  4  5  6  7 |
---------------+----------------------+-----
Stealth        | 1 2 4 5 |  5.8
Short Blades   | 5 6 7 8 9 |  9.1
Dodging        | 3 |  3.3
Armour         | 2 |  2.1
Fighting       | |  3.8

Action                   |  1- 3 |  4- 6 |  7- 9 || total
-------------------------+-------+-------+-------++-------
Melee: Short sword       |    30 |    46 |    78 ||   154
       Dagger            |    38 |    98 |       ||   136
Invok: Trog's Hand       |       |     1 |     1 ||     2
       Berserk           |       |       |     1 ||     1
  Use: Scroll            |       |     7 |       ||     7
 Stab: Sleeping          |     8 |    13 |     8 ||    29
       Distracted        |       |     1 |     1 ||     2
Armor: Animal skin       |    14 |    14 |     2 ||    30
       Ring mail         |       |       |     8 ||     8
Dodge: Dodged            |    45 |    96 |    32 ||   173
